 Dungeon Crawl Stone Soup version 0.17.1-1-g73c8601 (webtiles) character file.

93 Runnr the Skirmisher (level 4, -12/29 HPs)
             Began as a Gargoyle Fighter on Jan 2, 2016.
             Killed by divine providence
             ... invoked by an orc priest
              (16 damage)
             ... on level 3 of the Dungeon.
             The game lasted 00:02:47 (2154 turns).

Runnr the Skirmisher (Gargoyle Fighter)             Turns: 2154, Time: 00:02:47

Health: -12/29     AC: 11    Str: 20    XL:     4   Next: 62%
Magic:  4/4        EV:  7    Int:  8    God:
Gold:   174        SH:  9    Dex: 10    Spells: 0 memorised, 3 levels left

rFire  . . .     SeeInvis .     a - +0 war axe
rCold  . . .     Clarity  .     b - +0 scale mail
rNeg   + . .     SustAt   .     c - +0 shield
rPois  ∞         Gourm    .     (no helmet)
rElec  +         Spirit   .     q - +0 cloak
rCorr  .         Warding  .     (no gloves)
rMut   .         Stasis   .     (no boots)
MR     .....                    (no amulet)
Stlth  ..........               (no ring)
                                (no ring)

@: not resistant to hostile enchantments, extremely unstealthy
A: negative energy resistance 1, electricity resistance, unbreathing,
petrification resistance, rot immunity, AC +3
a: no special abilities


You were on level 3 of the Dungeon.
You were very hungry.

You visited 1 branch of the dungeon, and saw 3 of its levels.

You collected 174 gold pieces.

Inventory:

Hand Weapons
 a - a +0 war axe (weapon)
Missiles
 n - 9 poisoned needles
Armour
 b - a +0 scale mail (worn)
 c - a +0 shield (worn)
 q - a +0 cloak (worn)
Jewellery
 i - a cursed -2 ring of intelligence {unknown}
Scrolls
 h - 3 scrolls of remove curse {unknown}
 k - 2 scrolls of identify {unknown}
 l - a scroll of immolation {unknown}
 m - a scroll of blinking {unknown}
 o - a scroll of fear {unknown}
 p - a scroll of amnesia {unknown}
 r - 3 scrolls of recharging {unknown}
 u - a scroll of noise {unknown}
Potions
 d - a potion of might
 j - a potion of agility {unknown}
 s - 2 potions of invisibility {unknown}
 t - a potion of degeneration {unknown}
Books
 v - a book of Power

   Spells                             Type                      Level
   a - Fulminant Prism                Conjuration/Hexes            4
   b - Iskenderun's Mystic Blast      Conjuration                  4
   c - Venom Bolt                     Conjuration/Poison           5
   d - Bolt of Magma                  Conjuration/Fire/Earth       5
   e - Iron Shot                      Conjuration/Earth            6
   f - Orb of Destruction             Conjuration                  7
   g - Spellforged Servitor           Conjuration/Summoning        7
Comestibles
 e - 2 bread rations
 g - a beef jerky
 w - a slice of pizza


   Skills:
 + Level 4.1 Fighting
 + Level 2.4 Axes
 + Level 4.0 Armour
 + Level 4.1 Shields


You had 3 spell levels left.
You didn't know any spells.

Dungeon Overview and Level Annotations

Branches:
Dungeon (3/15)

Altars:


Innate Abilities, Weirdness & Mutations

You are resistant to torment.
Your stone body is resilient (AC +3).
You are immune to poison.
You resist negative energy.
You are resistant to electric shocks.
You can survive without breathing.
You are immune to petrification.
You are immune to rotting.


Message History

You feel less confused.
The orc priest hits you but does no damage.
You hit the orc priest but do no damage.
The orc priest is heavily wounded.
The orc priest hits you but does no damage.
You closely miss the orc priest.
The orc priest is heavily wounded.
You block the orc priest's attack. The orc priest hits you with a flail.
* * * LOW HITPOINT WARNING * * *
You barely miss the orc priest.
The orc priest is heavily wounded.
The orc priest completely misses you.
The orc wizard mumbles some strange words.
The orc wizard flickers and vanishes!
You hit the orc priest but do no damage.
The orc priest is heavily wounded.
The orc priest calls down the wrath of Beogh upon you.
Something smites you!
Ouch! That really hurt!
You die...

#.##...# #.. #.######.##...# #..
#.............# #..
##.......#....# #.###..
######.###.......#......
#w{##...#########..
##{##..........#.#. ######
#o##.............. .....#
#@####..#...#..... .....#
#######.# #..#...#..... .....#
#....##.## #......#..... .....#
#....##..# #.##...#....# .....#
#....###.###..'...+...#. .....#
#....# #..##.##...#.###. .....#
#....# ##.............#. .....#
#)...# #..#.##...#.#.#.
.....#####....#####.#.##...######


You could see a worm and an orc priest.

Vanquished Creatures
  3 gnolls (D:2)
  3 adders
  3 worms
  A ball python (D:2)
  3 bats
  6 goblins
  4 hobgoblins
  A giant cockroach (D:3)
  A giant newt (D:1)
  4 kobolds
  6 rats
35 creatures vanquished.

Notes
Turn   | Place    | Note
--------------------------------------------------------------
     0 | D:1      | Runnr the Gargoyle Fighter began the quest for the Orb.
     0 | D:1      | Reached XP level 1. HP: 14/14 MP: 1/1
   420 | D:1      | Reached XP level 2. HP: 19/19 MP: 2/2
   621 | D:1      | You fall through a shaft!
   703 | D:2      | Reached XP level 3. HP: 23/23 MP: 3/3
  1358 | D:2      | Reached XP level 4. HP: 13/29 MP: 4/4
  1361 | D:2      | Reached skill level 4 in Armour
  2142 | D:3      | HP: 1/29 [orc priest/divine providence (9)]
  2154 | D:3      | Killed from afar by an orc priest

Action                   |  1- 3 |  4- 6 || total
-------------------------+-------+-------++-------
Melee: War axe           |   107 |    39 ||   146
  Use: Potion            |       |     2 ||     2
  Eat: Chunk             |     1 |     2 ||     3
